 Dungeon Crawl Stone Soup version 0.25-a0-781-gc44aebf4fe (webtiles) character file.

Game seed: 16971115973672665137, levelgen mode: deterministic

111 Maedhros the Sneak (level 4, -10/28 HPs)
             Began as an Octopode Artificer on Apr 16, 2020.
             Mangled by an orc wizard
             ... wielding a +2 dagger of electrocution
              (17 damage)
             ... on level 4 of the Dungeon.
             The game lasted 00:02:29 (1510 turns).

Maedhros the Sneak (Octopode Artificer)             Turns: 1510, Time: 00:02:30

Health: -10/28     AC:  1    Str: 11    XL:     4   Next: 92%
Magic:  6/6        EV: 13    Int: 13    God:
Gold:   67         SH:  0    Dex: 13    Spells: 3/3 levels left

rFire    . . .     SeeInvis .   a - +0 short sword
rCold    . . .     Gourm    .   (no shield)
rNeg     . . .     Faith    .   (helmet restricted)
rPois    .         Spirit   .   (no amulet)
rElec    .         Reflect  .   (no ring)
rCorr    .         Harm     .   (no ring)
MR       .....                  (no ring)
Stlth    +++.......             (no ring)
HPRegen  0.09/turn              (no ring)
MPRegen  0.10/turn              (no ring)
                                (no ring)
                                (no ring)

@: no status effects
A: almost no armour, stealthy swim, amphibious, 8 rings, constrict 8, camouflage
1, gelatinous body 1
a: no special abilities


You were on level 4 of the Dungeon.
You were not hungry.

You visited 1 branch of the dungeon, and saw 4 of its levels.

You collected 67 gold pieces.

Inventory:

Hand Weapons
 a - a +0 short sword (weapon)
Wands
 b - a wand of flame (15)
 c - a wand of enslavement (11)
 d - a wand of random effects (13)
Scrolls
 e - a scroll of enchant weapon {unknown}
 i - a scroll of immolation {unknown}
 k - a scroll of identify {unknown}
 m - a scroll of magic mapping {unknown}
 n - a scroll of fog {unknown}
 o - a scroll of amnesia
 q - a scroll of teleportation
Potions
 g - a potion of stabbing {unknown}
 h - a potion of lignification {unknown}
 j - a potion of might {unknown}
 l - 2 potions of flight {unknown}
 r - a potion of heal wounds {unknown}
 s - 2 potions of curing {unknown}
Comestibles
 f - 5 rations


   Skills:
 - Level 1.0 Fighting
 - Level 1.0 Short Blades
 - Level 2.0 Dodging
 + Level 3.7 Stealth
 * Level 3.5 Unarmed Combat
 - Level 3.2 Evocations


You had 3 spell levels left.
You didn't know any spells.
Your spell library was empty.

Dungeon Overview and Level Annotations

Branches:
Dungeon (4/15)
 Temple: D:4-7

Altars:
Trog
Vehumet


Innate Abilities, Weirdness & Mutations

You cannot wear most types of armour.
You are very stealthy in the water. (Stealth+)
You are amphibious.
You can wear up to eight rings at the same time.
You can use your tentacles to constrict eight enemies at once.
Your skin changes colour to match your surroundings (Stealth+).
Your rubbery body absorbs attacks. (AC +1, EV +1)


Message History

Deactivating autopickup; reactivate with Ctrl-A.
Evoke which item? (* to show all) (? for menu, Esc to quit)
Aiming: Enslavement
Press: ? - help, Shift-Dir - straight line, f - you Nothing appears to happen.
Something hits you.
Evoke which item? (* to show all) (? for menu, Esc to quit)
Aiming: Enslavement
Press: ? - help, Shift-Dir - straight line, f - you Nothing appears to happen.
You hear some strange, mumbled words.
A magic dart appears from out of thin air!
The magic dart hits you!
* * * LOW HITPOINT WARNING * * *
Evoke which item? (* to show all) (? for menu, Esc to quit)
Aiming: Enslavement
Press: ? - help, Shift-Dir - straight line, f - you Nothing appears to happen.
Something hits you but does no damage.
You are electrocuted!
Ouch! That really hurt!
You die...

. .# ########.###
##########...........
..................##
########...........#
#......<.........#
...#####..........#
#.......@..#
#........)(###.#
..........).[....#
####........######
#..........#
#..........#
#..........#
#..........#
..........#


There were no monsters in sight!

Vanquished Creatures
  An orc priest (D:2)
  An orc wizard (D:2)
  An adder (D:4)
  2 orcs
  A ball python (D:2)
  9 giant cockroaches
  6 goblins
  2 hobgoblins (D:1)
  4 jackals (D:3)
  5 bats
  3 frilled lizards (D:1)
  A kobold (D:2)
  3 rats
39 creatures vanquished.

Vanquished Creatures (collateral kills)
  2 orcs (D:4)
2 creatures vanquished.

Grand Total: 41 creatures vanquished

Notes
Turn   | Place    | Note
-------+----------+-------------------------------------------
     0 | D:1      | Maedhros the Octopode Artificer began the quest for the
                  | Orb.
     0 | D:1      | Reached XP level 1. HP: 13/13 MP: 3/3
    68 | D:1      | Reached skill level 1 in Unarmed Combat
   132 | D:1      | Reached XP level 2. HP: 11/18 MP: 4/4
   593 | D:2      | Reached XP level 3. HP: 16/23 MP: 5/5
   593 | D:2      | Reached XP level 4. HP: 20/28 MP: 6/6
   888 | D:2      | Found a bloodstained altar of Trog.
  1010 | D:3      | Found a radiant altar of Vehumet.
  1510 | D:4      | Mangled by an orc wizard

Levels and vault maps discovered:
D:1:      dpeg_arrival_long_road, layout_rooms
D:2:      layout_rooms, lemuel_round_altar, lightli_temple_of_fire,
          minmay_vboxes
D:3:      layout_basic, vehumet_crystals
D:4:      layout_rooms, chequers_ossuary_entry_cave, serial_shops,
          shop_fountains

Skill      XL: |  1  2  3 |
---------------+----------+-----
Unarmed Combat | 1 2 3 |  3.5
Stealth        | 3 |  3.7
Fighting       | |  1.0
Short Blades   | |  1.0
Dodging        | |  2.0
Evocations     | |  3.2

Action                   |  1- 3 |  4- 6 || total
-------------------------+-------+-------++-------
Melee: Short sword       |    38 |    56 ||    94
       Constrict         |    10 |    13 ||    23
       Tentacles         |     8 |     6 ||    14
       Punch             |       |     1 ||     1
Evoke: Wand              |     1 |     5 ||     6
  Use: Scroll            |       |     3 ||     3
 Stab: Sleeping          |     1 |     2 ||     3
  Eat: Chunk             |       |     2 ||     2
Armor: Skin              |     4 |     8 ||    12
Dodge: Dodged            |    20 |    38 ||    58

Table legend:
 A = Non-vault XP
 B = Vault XP
 C = Vault XP percentage of total XP
 D = Non-vault monster count
 E = Vault monster count
 F = Vault count percentage of total count
                 A         B        C        D         E       F
            +---------+---------+-------+---------+---------+-------
      Total |     153 |       6 |   3.8 |      38 |       3 |   7.3
            +---------+---------+-------+---------+---------+-------
        D:1 |      29 |       0 |   0.0 |      17 |       0 |   0.0
        D:2 |      93 |       6 |   6.1 |      10 |       3 |  23.1
        D:3 |      14 |       0 |   0.0 |       8 |       0 |   0.0
        D:4 |      17 |       0 |   0.0 |       3 |       0 |   0.0
            +---------+---------+-------+---------+---------+-------
